 Dungeon Crawl Stone Soup version 0.26.1-11-gd32895ea62 (webtiles) character file.

Game seed: 700843383001017135

6733 ubername the Frost Mage (level 11, -5/77 HPs)
             Began as a Barachi Ice Elementalist on July 8, 2021.
             Was a Priest of Vehumet.
             Killed from afar by a molten gargoyle (40 damage)
             ... with a bolt of magma
             ... on level 10 of the Dungeon.
             The game lasted 00:37:37 (12624 turns).

ubername the Frost Mage (Barachi Ice Elementalist) Turns: 12624, Time: 00:37:38

Health: -5/77      AC: 10    Str:  9    XL:     11   Next: 4%
Magic:  21/24      EV: 14    Int: 18    God:    Vehumet [***...]
Gold:   233        SH:  0    Dex: 18    Spells: 12/28 levels left

rFire    x . .     SeeInvis .   a - +3 dagger (elec)
rCold    + + .     Faith    .   (no shield)
rNeg     . . .     Spirit   .   u - +2 robe {rC+}
rPois    +         Reflect  .   s - +2 helmet of the Orcish Mines {+Blink rPois Dex+4}
rElec    .         Harm     .   (no cloak)
rCorr    .         Rampage  +   (no gloves)
Will     .....                  o - +2 pair of boots {rampage}
Stlth    +++.......             (no amulet)
HPRegen  0.22/turn              h - ring of ice
MPRegen  0.19/turn              n - ring of wizardry

@: slow
A: +LOS, swims, slowness 1, strong legs 1
a: Hop, Renounce Religion, Evoke Blink


You were on level 10 of the Dungeon.
You worshipped Vehumet.
Vehumet was most pleased with you.
You visited 2 branches of the dungeon, and saw 11 of its levels.

You collected 554 gold pieces.
You spent 321 gold pieces at shops.

Inventory:

Hand Weapons
 a - a +3 dagger of electrocution (weapon)
 b - a +1 hunting sling
 c - the +4 hand axe of Suaqis {flame, Dex+2 SInv}
   (You found it on level 8 of the Dungeon)

   It has been specially enchanted to burn those struck by it, causing extra
   injury to most foes and up to half again as much damage against particularly
   susceptible opponents.
   Big, fiery blades are also staple armaments of hydra-hunters.
   It affects your dexterity (+2).
   It lets you see invisible.
Missiles
 e - 55 sling bullets
 p - 18 poisoned darts
 D - 258 stones
Armour
 o - a +2 pair of boots of rampaging (worn)
 s - the +2 helmet of the Orcish Mines (worn) {+Blink rPois Dex+4}
   (You bought it in a shop on level 7 of the Dungeon)

   It affects your dexterity (+4).
   It protects you from poison.
   It lets you blink.
 u - a +2 robe of cold resistance (worn)
Jewellery
 h - a ring of ice (left hand)
 n - a ring of wizardry (right hand)
Wands
 q - a wand of disintegration (9)
 t - a wand of acid (7)
 x - a wand of flame (29)
Scrolls
 d - 4 scrolls of amnesia
 g - 4 scrolls of identify
 j - 5 scrolls of remove curse
 k - 3 scrolls of fog
 l - 3 scrolls of teleportation
 y - 2 scrolls of magic mapping
 E - a scroll of enchant weapon
 F - a scroll of random uselessness {unknown}
 G - a scroll of holy word {unknown}
Potions
 f - 5 potions of curing
 i - 2 potions of invisibility
 m - 2 potions of haste
 r - 2 potions of heal wounds
 v - a potion of degeneration {unknown}
 w - 2 potions of magic {unknown}
 z - a potion of cancellation {unknown}
 A - a potion of brilliance {unknown}
 B - a potion of might {unknown}
 C - a potion of flight {unknown}


   Skills:
 + Level 4.2 Fighting
 + Level 3.2 Short Blades
 + Level 6.3 Slings
 + Level 4.0 Dodging
 + Level 3.4 Stealth
 + Level 9.3 Spellcasting
 + Level 3.9 Conjurations
 + Level 2.5 Summonings
 * Level 3.6 Fire Magic
 + Level 11.1 Ice Magic


You had 12 spell levels left.
You knew the following spells:

 Your Spells              Type           Power        Failure   Level
a - Freeze                Ice            100%         1%          1
b - Frozen Ramparts       Ice            100%         1%          3
c - Ozocubu's Armour      Ice            64%          1%          3
d - Summon Ice Beast      Ice/Summ       49%          1%          4
e - Foxfire               Conj/Fire      88%          1%          1
f - Hailstorm             Conj/Ice       52%          1%          4

Your spell library contained the following spells:

 Spells                   Type           Power        Failure   Level
 Ignite Poison            Fire/Tmut/Pois 12%          1%          3
 Magic Dart               Conj           88%          1%          1
 Call Imp                 Summ           17%          1%          2
 Conjure Flame            Conj/Fire      22%          1%          3
 Inner Flame              Hex/Fire       14%          1%          3
 Mephitic Cloud           Conj/Pois/Air  13%          1%          3
 Sticky Flame             Conj/Fire      22%          2%          4
 Apportation              Tloc           16%          3%          1
 Blink                    Tloc           N/A          5%          2
 Slow                     Hex            8%           5%          2
 Fireball                 Conj/Fire      11%          6%          5
 Gell's Gravitas          Tloc           4%           11%         3
 Lesser Beckoning         Tloc           4%           11%         3
 Teleport Other           Tloc           8%           11%         3
 Passage of Golubria      Tloc           N/A          32%         4


Dungeon Overview and Level Annotations

Branches:
Dungeon (10/15)            Temple (1/1) D:5            Lair (0/6) D:8
    Orc: D:9-12

Altars:
Ashenzari
Cheibriados
Dithmenos
Elyvilon
Fedhas
Gozag
Hepliaklqana
Kikubaaqudgha
Makhleb
Nemelex Xobeh
Okawaru
Qazlal
Ru
Sif Muna
Trog
Uskayaw
Vehumet
Wu Jian
Xom
Yredelemnul
Zin
The Shining One

Shops:
D:5 *   D:7 [

Annotations:
D:9 2 transporters, PaiMei's ghost, novice SpVM


Innate Abilities, Weirdness & Mutations

You can be seen from farther away. (+LOS)
You can swim through water.
You cover ground slowly.
You can hop short distances.


Message History

You hit the centaur warrior skeleton.
Lightning courses through the centaur warrior skeleton!!
You destroy the centaur warrior skeleton!
Vehumet accepts your kill.
The lava snake hisses angrily.
A molten gargoyle comes into view. It is wielding a +0 mace.
The molten gargoyle moves out of view.
You see here a scroll labelled WEMAYPHUZEO.
G - a scroll labelled WEMAYPHUZEO
Press: ? - help, v - describe, . - travel
Here: a molten gargoyle, wielding a +0 mace The floor.
A molten gargoyle comes into view. It is wielding a +0 mace.
The molten gargoyle blasts magma at you!
The bolt of magma hits you!!! The lava burns you terribly!
Ouch! That really hurt!
The molten gargoyle blasts magma at you!
The bolt of magma hits you!!! The lava burns you terribly!
Ouch! That really hurt!
You die...

#.......# #...
#.......# #...
#.......# #...
#.......# #...
####.......# #...
#.>........# #...
#..........# #..#
#..........# #.##
#######@.........#
#.
#................#
#......####......#
...........#
#######
.........9..#
..........9.#
...#.#.#.#.#.
..#.#.#.#.#.#.
...#...S ≈ ..#.


You could see 2 molten gargoyles and a lava snake.

Vanquished Creatures
  A two-headed ogre (D:9)
  A komodo dragon (D:8)
  Grinder (D:6)
  Prince Ribbit (D:5)
  4 yaks (D:9)
  The ghost of PaiMei the Conjurer, an amateur DrCj (D:4)
  4 orc warriors
  A sky beast (D:5)
  A phantom (D:4)
  2 ice beasts
  7 ogres
  3 centaurs
  Blork the orc (D:5)
  A gnoll sergeant (D:5)
  8 bullfrogs
  4 scorpions
  11 killer bees
  5 wights
  4 howler monkeys
  A quasit (D:9)
  4 hounds
  A jelly (D:6)
  6 orc priests
  A bullfrog skeleton (D:6)
  2 centaur skeletons
  A gnoll shaman (D:6)
  Terence (D:2)
  An iguana (D:6)
  11 orc wizards
  7 worker ants
  2 hound skeletons
  4 hound zombies
  A worker ant zombie (D:5)
  9 gnolls
  11 adders
  2 shadow imps
  2 white imps
  2 ufetubi
  An ooze (D:3)
  An adder skeleton (D:9)
  A dart slug (D:5)
  5 leopard geckos
  15 orcs
  3 giant cockroaches
  8 goblins
  5 hobgoblins
  9 jackals
  2 quokkas
  2 ball pythons
  8 bats
  5 frilled lizards
  6 kobolds
  A leopard gecko skeleton (D:4)
  A quokka zombie (D:7)
  4 rats
  A spectral orc (D:7)
208 creatures vanquished.

Vanquished Creatures (collateral kills)
  2 ice beasts (D:7)
  An ogre (D:6)
  A wight (D:8)
  A hound (D:7)
  A hound skeleton (D:7)
  An adder (D:8)
  An orc (D:9)
8 creatures vanquished.

Vanquished Creatures (others)
  159 foxfires
  13 plants (D:8)
172 creatures vanquished.

Grand Total: 388 creatures vanquished

Notes
Turn   | Place    | Note
-------+----------+-------------------------------------------
     0 | D:1      | ubername the Barachi Ice Elementalist began the quest for
                  | the Orb.
     0 | D:1      | Reached XP level 1. HP: 13/13 MP: 3/3
   104 | D:1      | Reached skill level 5 in Ice Magic
   235 | D:1      | Reached XP level 2. HP: 19/19 MP: 3/5
  1151 | D:2      | Found a hazy altar of Hepliaklqana.
  1151 | D:2      | Found a shadowy altar of Dithmenos.
  1151 | D:2      | Found a shimmering altar of Xom.
  1191 | D:2      | Reached XP level 3. HP: 22/24 MP: 5/7
  1626 | D:2      | Found a glowing golden altar of the Shining One.
  1790 | D:2      | Found a hide-covered altar of Uskayaw.
  1922 | D:2      | Noticed Terence
  1929 | D:2      | Killed Terence
  1930 | D:2      | Reached XP level 4. HP: 30/30 MP: 6/9
  1935 | D:2      | Learned a level 3 spell: Frozen Ramparts
  1939 | D:2      | Learned a level 3 spell: Ozocubu's Armour
  2141 | D:3      | Found a glowing silver altar of Zin.
  2240 | D:3      | Found a sacrificial altar of Ru.
  2385 | D:3      | Reached skill level 1 in Slings
  2396 | D:3      | Reached XP level 5. HP: 30/35 MP: 3/10
  2421 | D:3      | Reached skill level 6 in Ice Magic
  2429 | D:3      | Reached skill level 1 in Fighting
  3299 | D:4      | Found a runed translucent door.
  3299 | D:4      | Noticed PaiMei's ghost (amateur DrCj)
  3317 | D:4      | Killed PaiMei's ghost
  3318 | D:4      | Reached XP level 6. HP: 24/43 MP: 2/12
  3557 | D:4      | Found a bloodstained altar of Trog.
  3608 | D:4      | Reached XP level 7. HP: 48/48 MP: 7/14
  3719 | D:4      | Reached skill level 5 in Spellcasting
  4013 | D:4      | Reached skill level 7 in Ice Magic
  4711 | D:5      | Entered Level 5 of the Dungeon
  4727 | D:5      | Found a snail-covered altar of Cheibriados.
  4778 | D:5      | Reached XP level 8. HP: 42/56 MP: 6/16
  5334 | D:5      | Found a staircase to the Ecumenical Temple.
  5335 | D:5      | Noticed Blork the orc
  5365 | D:5      | Killed Blork the orc
  5368 | Temple   | Entered the Ecumenical Temple
  5491 | Temple   | Became a worshipper of Vehumet
  6033 | D:5      | Noticed Prince Ribbit
  6046 | D:5      | Killed Prince Ribbit
  6047 | D:5      | Reached skill level 8 in Ice Magic
  6238 | D:5      | Found Patag's Assorted Antiques.
  6276 | D:5      | Bought a scroll labelled FETIERHACE for 25 gold pieces
  6276 | D:5      | Bought a glowing coral ring for 125 gold pieces
  6309 | D:5      | Reached skill level 5 in Slings
  6920 | D:5      | Reached XP level 9. HP: 49/65 MP: 12/18
  7133 | D:6      | Reached skill level 9 in Ice Magic
  7212 | D:6      | Noticed Grinder
  7244 | D:6      | Killed Grinder
  7403 | D:6      | Learned a level 4 spell: Summon Ice Beast
  7418 | D:6      | Reached skill level 1 in Short Blades
  7436 | D:6      | Reached * piety under Vehumet
  7436 | D:6      | Offered knowledge of Sandblast by Vehumet.
  7804 | D:6      | Found a burning altar of Makhleb.
  7832 | D:6      | Found a shimmering blue altar of Sif Muna.
  7882 | D:6      | Identified Sif Muna's Handbook of the Compass
  8165 | D:6      | Found an ornate altar of the Wu Jian Council.
  8860 | D:7      | Found a basalt altar of Yredelemnul.
  9084 | D:7      | Reached skill level 10 in Ice Magic
  9212 | D:7      | Found Lekh's Antique Armour Shop.
  9217 | D:7      | Bought a bloodstained helmet for 171 gold pieces
  9222 | D:7      | Identified the +2 helmet of the Orcish Mines {+Blink rPois
                  | Dex+4} (You bought it in a shop on level 7 of the Dungeon)
  9230 | D:7      | Offered knowledge of Foxfire by Vehumet.
  9235 | D:7      | Learned a level 1 spell: Foxfire
  9836 | D:7      | Reached XP level 10. HP: 72/72 MP: 12/21
  9920 | D:7      | Reached skill level 1 in Conjurations
  9942 | D:7      | Reached ** piety under Vehumet
 10323 | D:8      | Found an opulent altar of Gozag.
 10402 | D:6      | Noticed a rust devil
 10402 | D:6      | Noticed a rust devil
 10678 | D:8      | Got an ivory hand axe
 10679 | D:8      | Identified the +4 hand axe of Suaqis {flame, Dex+2 SInv}
                  | (You found it on level 8 of the Dungeon)
 10705 | D:8      | Reached skill level 1 in Fire Magic
 10889 | D:8      | Found an iron altar of Okawaru.
 11196 | D:8      | Found a staircase to the Lair.
 11207 | D:8      | Learned a level 4 spell: Hailstorm
 11389 | D:9      | Offered knowledge of Ignite Poison by Vehumet.
 11390 | D:9      | Reached skill level 1 in Summonings
 11658 | D:9      | Reached *** piety under Vehumet
 11872 | D:9      | Found a transporter.
 11872 | D:9      | Found a transporter.
 11874 | D:9      | Noticed PaiMei's ghost (novice SpVM)
 11875 | D:9      | Noticed a two-headed ogre
 11994 | D:9      | Noticed a two-headed ogre
 12003 | D:9      | Killed a two-headed ogre
 12332 | D:9      | Reached skill level 11 in Ice Magic
 12500 | D:10     | Entered Level 10 of the Dungeon
 12560 | D:10     | Reached XP level 11. HP: 77/77 MP: 19/24
 12624 | D:10     | Killed from afar by a molten gargoyle

Illustrated notes

Levels and vault maps discovered:
D:1:      dpeg_arrival_solitude, layout_basic
D:2:      layout_rooms, chequers_temple_overflow_statue_of_worship,
          eat_drink_and_be_merry_uskayaw, tso_metal_star, uniq_terence
D:3:      layout_basic, nicolae_ru_sacrificial_ziggurat, lemuel_altar_in_water
D:4:      layout_cave_pools, bloody_trog, ebering_ghost_reflecting_pool
D:5:      layout_cave_pods, kennysheep_slug_shrine, minmay_temple_entry_wispy,
          serial_shops, shop, uniq_prince_ribbit1, uniq_blork_the_orc
D:6:      cheibrodos_iron_armory, layout_loops_ring, kennysheep_little_box,
          led_sif_book, basic_altar, uniq_grinder
D:7:      layout_basic, yredelemnul_forgotten_temple_becter, serial_shops, shop
D:8:      layout_rooms, marbit_many_paths, nicolae_gozag_seed_capital,
          david_lair_shrubbed
D:9:      layout_roguey, gammafunk_ghost_arena
D:10:     layout_gridville, ebering_ghost_xom, minivault_8, uniq_joseph,
          uniq_nergalle
Temple:   jpeg_temple_island

Skill      XL: |  1  2  3  4  5  6  7  8  9 10 |
---------------+-------------------------------+-----
Ice Magic      | 5 6 7 8 10 11 | 11.1
Spellcasting   | 3 4 5 6 7 9 |  9.3
Stealth        | 2 3 |  3.4
Slings         | 1 2 3 4 5 6 |  6.3
Fighting       | 1 2 3 4 |  4.2
Dodging        | 3 4 |  4.0
Short Blades   | 2 3 |  3.2
Conjurations   | 3 |  3.9
Fire Magic     | 3 |  3.6
Summonings     | 2 |  2.5

Action                   |  1- 3 |  4- 6 |  7- 9 | 10-12 || total
-------------------------+-------+-------+-------+-------++-------
Melee: Dagger            |     2 |     8 |   105 |    61 ||   176
 Fire: Hunting sling     |    11 |    33 |   128 |     4 ||   176
 Cast: Freeze            |    38 |     3 |     7 |     4 ||    52
       Frozen Ramparts   |       |    18 |    48 |    18 ||    84
       Ozocubu's Armour  |       |     2 |    24 |    16 ||    42
       Foxfire           |       |       |    17 |    74 ||    91
       Summon Ice Beast  |       |       |     4 |    11 ||    15
       Hailstorm         |       |       |       |     7 ||     7
 Abil: Hop               |       |       |     1 |     2 ||     3
  Use: Scroll            |     3 |     4 |     9 |     2 ||    18
       Potion            |     1 |       |     3 |       ||     4
 Stab: Sleeping          |       |       |     2 |       ||     2
       Distracted        |       |       |       |     1 ||     1
Armor: Robe              |     3 |    10 |    46 |    29 ||    88
Dodge: Dodged            |    29 |    28 |    82 |    79 ||   218
